 Dungeon Sprint DCSS version 0.20.1-1-g8b1a95d (webtiles) character file.

1296 juspike the Spear-Bearer (level 8, 0/86 HPs)
             Began as a Minotaur Berserker on Oct 13, 2017.
             Was an Elder of Trog.
             Slain by a demonic crawler (1 damage)
             ... in the Dungeon (Sprint I: "Red Sonja").
             The game lasted 00:07:44 (417 turns).

juspike the Spear-Bearer (Minotaur Berserker)        Turns: 417, Time: 00:07:45

Health: 0/86       AC:  4    Str: 23    XL:     8   Next: 31%
Magic:  7/7        EV: 15    Int:  4    God:    Trog [****..]
Gold:   216        SH:  0    Dex: 11    Spells: 7/7 levels left

rFire    . . .     SeeInvis .   m - +2 scythe (freeze)
rCold    . . .     Gourm    .   (shield currently unavailable)
rNeg     . . .     Faith    .   j - +0 leather armour
rPois    .         Spirit   .   (helmet restricted)
rElec    .         Reflect  .   (no cloak)
rCorr    .         Harm     .   (no gloves)
MR       .....     NoTele   +   (no boots)
Stlth    +.........             (no amulet)
Regen    0.3/turn               (no ring)
MPRegen  0.1/turn               (no ring)

@: berserk cooldown, slowed, very slow
A: retaliatory headbutt, horns 2
a: Berserk, Trog's Hand, Brothers in Arms, Burn Spellbooks, Renounce Religion


You were in the Dungeon.
You worshipped Trog.
Trog was greatly pleased with you.
You were very hungry.

You visited 1 branch You collected 216 gold pieces.

Inventory:

Hand Weapons
 a - a +0 spear
 l - a +0 giant club
 m - a +2 scythe of freezing (weapon)
Armour
 b - a +0 animal skin
 j - a +0 leather armour (worn)
 n - a +0 robe
Scrolls
 i - a scroll of blinking
Potions
 e - 2 potions of heal wounds
 f - a potion of haste
 g - 2 potions of magic
 h - a potion of berserk rage
Comestibles
 c - a bread ration
 k - 2 chunks of flesh


   Skills:
 + Level 13.5 Fighting
 + Level 14.0 Polearms
 + Level 7.7 Armour
 + Level 6.9 Dodging


You had 7 spell levels left.
You didn't know any spells.

Dungeon Overview and Level Annotations

Branches:
Dungeon (1/1)

Altars:
Makhleb
Xom
Jiyva
Lugonu


Innate Abilities, Weirdness & Mutations

You reflexively headbutt those who attack you in melee.
You have a pair of horns on your head.


Message History

The demonic crawler hits you. The demonic crawler hits you!
* * * LOW HITPOINT WARNING * * *
The demonic crawler misses you. x2; The demonic crawler hits you!
* * * LOW HITPOINT WARNING * * *
The demonic crawler closely misses you.
You feel better. The demonic crawler closely misses you.
The demonic crawler hits you.
* * * LOW HITPOINT WARNING * * *
The demonic crawler hits you!
* * * LOW HITPOINT WARNING * * *
The demonic crawler hits you.
* * * LOW HITPOINT WARNING * * *
The demonic crawler hits you.
* * * LOW HITPOINT WARNING * * *
The demonic crawler hits you.
* * * LOW HITPOINT WARNING * * *
The demonic crawler hits you.
* * * LOW HITPOINT WARNING * * *
The demonic crawler closely misses you. The demonic crawler hits you.
You die...

######################
..'..#..'..#__#.@ss..#
..#..'..#..'..'.s#)..#
####+#####+#__####...'..#
#### #####..+ +##


You could see 3 demonic crawlers.

Vanquished Creatures
  2 kobold demonologists (D)
  A demonic crawler (D)
  A slime creature (D)
  Sigmund (D)
  A floating eye (D)
  An ogre (D)
  Ijyb (D)
8 creatures vanquished.

Notes
Turn   | Place    | Note
-------+----------+-------------------------------------------
     0 | D        | juspike the Minotaur Berserker began the quest for the Orb.
     0 | D        | Reached XP level 1. HP: 19/19 MP: 0/0
     1 | D        | Noticed Ijyb
     4 | D        | Killed Ijyb
     4 | D        | Reached skill level 5 in Fighting
     4 | D        | Reached skill level 5 in Polearms
     4 | D        | Reached XP level 2. HP: 29/29 MP: 1/1
    51 | D        | Noticed an ogre
    56 | D        | Killed an ogre
    56 | D        | Reached skill level 7 in Polearms
    56 | D        | Reached XP level 3. HP: 27/40 MP: 2/2
    56 | D        | Reached XP level 4. HP: 33/48 MP: 3/3
   205 | D        | Noticed Sigmund
   214 | D        | Killed Sigmund
   214 | D        | Reached ** piety under Trog
   214 | D        | Reached skill level 10 in Fighting
   214 | D        | Reached skill level 9 in Polearms
   214 | D        | Reached skill level 5 in Armour
   214 | D        | Reached XP level 5. HP: 58/58 MP: 4/4
   281 | D        | Found a burning altar of Makhleb.
   281 | D        | Found a viscous altar of Jiyva.
   281 | D        | Found a shimmering altar of Xom.
   281 | D        | Found a corrupted altar of Lugonu.
   281 | D        | Noticed a slime creature
   291 | D        | Killed a slime creature
   291 | D        | Reached skill level 11 in Polearms
   291 | D        | Reached skill level 5 in Dodging
   291 | D        | Reached XP level 6. HP: 68/68 MP: 5/5
   356 | D        | Noticed a kobold demonologist
   358 | D        | Noticed a floating eye
   358 | D        | Noticed a kobold demonologist
   360 | D        | Killed a floating eye
   360 | D        | Reached XP level 7. HP: 75/75 MP: 6/6
   361 | D        | Noticed a red devil
   361 | D        | Killed a kobold demonologist
   361 | D        | Reached *** piety under Trog
   361 | D        | Reached skill level 12 in Polearms
   366 | D        | Killed a kobold demonologist
   366 | D        | Reached skill level 13 in Polearms
   366 | D        | Reached XP level 8. HP: 86/86 MP: 7/7
   406 | D        | Noticed a demonic crawler
   406 | D        | Noticed a demonic crawler
   406 | D        | Noticed a demonic crawler
   406 | D        | Noticed a demonic crawler
   414 | D        | Killed a demonic crawler
   414 | D        | Reached **** piety under Trog
   414 | D        | Reached skill level 14 in Polearms
   417 | D        | HP: 1/86 [demonic crawler (4)]
   417 | D        | Slain by a demonic crawler

Skill      XL: |  1  2  3  4  5  6  7  8 |
---------------+-------------------------+-----
Fighting       | 5 7 10 11 13 | 13.5
Polearms       | 5 7 9 11 13 14 | 14.0
Armour         | 3 4 5 6 7 |  7.7
Dodging        | 3 4 5 6 |  6.9

Action                   |  1- 3 |  4- 6 |  7- 9 || total
-------------------------+-------+-------+-------++-------
Melee: Spear             |     5 |     4 |       ||     9
       Headbutt          |     1 |     2 |       ||     3
       Scythe            |       |     3 |    11 ||    14
Invok: Berserk           |     2 |     3 |     1 ||     6
       Trog's Hand       |       |     1 |       ||     1
  Use: Potion            |       |       |     1 ||     1
  Eat: Chunk             |       |     2 |     1 ||     3
Armor: Leather armour    |       |       |     3 ||     3
Dodge: Dodged            |     1 |     5 |    25 ||    31
